 Dungeon Crawl Stone Soup version 0.21.1-1-g345015fe64 (webtiles) character file.

36 Holzbalken the Cudgeler (level 3, -1/29 HPs)
             Began as a Demonspawn Monk on July 16, 2018.
             Was a Believer of Okawaru.
             Slain by a kobold
             ... wielding a +0 short sword
              (2 damage)
             ... on level 2 of the Dungeon.
             The game lasted 00:04:57 (993 turns).

Holzbalken the Cudgeler (Demonspawn Monk)            Turns: 993, Time: 00:04:57

Health: -1/29      AC:  9    Str: 12    XL:     3   Next: 19%
Magic:  1/3        EV:  8    Int: 11    God:    Okawaru [**....]
Gold:   55         SH:  0    Dex: 15    Spells: 2/2 levels left

rFire    . . .     SeeInvis .   a - +0 mace
rCold    . . .     Gourm    .   (no shield)
rNeg     . . .     Faith    .   f - +0 chain mail
rPois    .         Spirit   .   (no helmet)
rElec    .         Reflect  .   (no cloak)
rCorr    .         Harm     .   (no gloves)
MR       .....                  (no boots)
Stlth    +.........             (no amulet)
HPRegen  0.09/turn              (no ring)
MPRegen  0.08/turn              (no ring)

@: heroism
A: claws 1, nightstalker 1
a: Heroism, Renounce Religion


You were on level 2 of the Dungeon.
You worshipped Okawaru.
Okawaru was pleased with you.
You were not hungry.

You visited 1 branch of the dungeon, and saw 2 of its levels.

You collected 55 gold pieces.

Inventory:

Hand Weapons
 a - a +0 mace (weapon)
Armour
 b - a +0 robe
 f - a +0 chain mail (worn)
Scrolls
 i - a scroll of enchant weapon {unknown}
Potions
 e - a potion of lignification {unknown}
 g - a potion of invisibility {unknown}
 h - a potion of brilliance {unknown}
Comestibles
 c - a ration


   Skills:
 - Level 3.0(8.0) Fighting
 + Level 4.0(9.0) Maces & Flails
 - Level 2.6(7.6) Dodging
 - Level 1.7(6.7) Stealth


You had 2 spell levels left.
You didn't know any spells.

Dungeon Overview and Level Annotations

Branches:
Dungeon (2/15)

Altars:
Okawaru


Innate Abilities, Weirdness & Mutations

You have sharp fingernails.
You are slightly more attuned to the shadows.


Message History

* * * LOW HITPOINT WARNING * * *
The jackal barely misses you.
You gain the combat prowess of a mighty hero.
The bat hits you but does no damage. The kobold hits you but does no damage.
The jackal barely misses you.
You hit the jackal but do no damage. The jackal barely misses you.
The kobold barely misses you. The leopard gecko misses you.
The jackal bites you but does no damage.
You sock the jackal!
You kill the jackal!
Okawaru accepts your kill.
Your base Maces & Flails skill increases to level 4!
The bat closely misses you. The kobold hits you with a short sword.
* * * LOW HITPOINT WARNING * * *
The leopard gecko barely misses you.
Your chain mail prevents you from hitting the kobold.
The bat hits you.
* * * LOW HITPOINT WARNING * * *
The kobold hits you with a short sword.
You die...

######### ##...#...##
##K........### #@bhg.K.((...#
##lg..)....#.# #.. ##...#...##.#
#.# #########.h# #.# ##.# #.#
#l# #.# #g#####
###########.##############...)K.
#...##......K...............####


You could see a leopard gecko, a jackal, a hobgoblin, a goblin, a bat and 2
kobolds.

Vanquished Creatures
  A dart slug (D:1)
  A leopard gecko (D:1)
  5 goblins (D:1)
  4 hobgoblins (D:1)
  7 jackals
  A ball python (D:2)
  3 bats
  4 frilled lizards (D:1)
  2 kobolds
  2 rats (D:1)
30 creatures vanquished.

Notes
Turn   | Place    | Note
-------+----------+-------------------------------------------
     0 | D:1      | Holzbalken the Demonspawn Monk began the quest for the Orb.
     0 | D:1      | Reached XP level 1. HP: 18/18 MP: 1/1
    36 | D:1      | Reached skill level 3 in Maces & Flails
   202 | D:1      | Gained mutation: You have sharp fingernails. [demonic ancestry]
   202 | D:1      | Reached XP level 2. HP: 23/24 MP: 2/2
   569 | D:1      | Gained mutation: You are slightly more attuned to the shadows. [demonic ancestry]
   569 | D:1      | Reached XP level 3. HP: 15/29 MP: 3/3
   982 | D:2      | Found an iron altar of Okawaru.
   989 | D:2      | Became a worshipper of Warmaster Okawaru
   989 | D:2      | Reached * piety under Okawaru
   989 | D:2      | Reached ** piety under Okawaru
   992 | D:2      | Reached skill level 4 in Maces & Flails
   993 | D:2      | HP: 1/29 [bat (1)]
   993 | D:2      | Slain by a kobold

Skill      XL: |  1  2  3 |
---------------+----------+-----
Maces & Flails | 3 4 |  4.0
Fighting       | |  3.0
Dodging        | |  2.6
Stealth        | |  1.7

Action                   || total
-------------------------++-------
Melee: Mace              ||   105
Invok: Heroism           ||     1
Armor: Robe              ||     5
       Chain mail        ||   179
Dodge: Dodged            ||   136
